 Dungeon Crawl Stone Soup version 0.25-a0-577-ga4619f409e (webtiles) character file.

Game seed: 13391303927250923110, levelgen mode: deterministic

3 Gargoyl the Skirmisher (level 1, 0/19 HPs)
             Began as a Centaur Abyssal Knight on Mar 2, 2020.
             Was an Initiate of Lugonu.
             Slain by a frilled lizard (2 damage)
             ... on level 2 of the Dungeon.
             The game lasted 00:01:33 (373 turns).

Gargoyl the Skirmisher (Centaur Abyssal Knight)      Turns: 373, Time: 00:01:33

Health: 0/19       AC:  8    Str: 14    XL:     1   Next: 41%
Magic:  2/2        EV:  1    Int: 11    God:    Lugonu [......]
Gold:   28         SH:  0    Dex:  8    Spells: 0/0 levels left

rFire    . . .     SeeInvis .   a - +1 hand axe
rCold    . . .     Gourm    .   (no shield)
rNeg     . . .     Faith    .   e - +0 plate armour
rPois    .         Spirit   .   (no helmet)
rElec    .         Reflect  .   (no cloak)
rCorr    .         Harm     .   (no gloves)
MR       .....                  (no barding)
Stlth    ..........             (no amulet)
HPRegen  0.06/turn              f - ring of flight
MPRegen  0.08/turn              (no ring)

@: very quick
A: large, hooves 3, deformed body, speed 2, tough skin 3
a: Renounce Religion, Evoke Flight


You were on level 2 of the Dungeon.
You worshipped Lugonu.
Lugonu was noncommittal.
You were not hungry.

You visited 1 branch of the dungeon, and saw 2 of its levels.
You visited the Abyss 1 time.

You collected 28 gold pieces.

Inventory:

Hand Weapons
 a - a +1 hand axe (weapon)
Missiles
 d - 4 javelins (quivered)
Armour
 b - a +0 leather armour
 e - a +0 plate armour (worn)
Jewellery
 f - a ring of flight (left hand)
Comestibles
 c - a ration


   Skills:
 + Level 3.0 Fighting
 + Level 1.7 Axes
 * Level 1.5 Armour
 * Level 0.6 Dodging
 * Level 2.0 Invocations


You couldn't memorise any spells.
You didn't know any spells.
Your spell library contained the following spells:

 Spells                   Type           Power        Failure   Level  Hunger
 Cause Fear               Hex            #.........   100%        4    #####..
 Silence                  Hex/Air        #.........   100%        5    ######.
 Yara's Violent Unravell  Hex/Tmut       #.........   100%        5    ######.
 Deflect Missiles         Chrm/Air       #.........   100%        6    #######
 Discord                  Hex            #.........   100%        8    #######


Dungeon Overview and Level Annotations

Branches:
Dungeon (2/15)

Altars:


Innate Abilities, Weirdness & Mutations

You have hooves in place of feet.
Armour fits poorly on your strangely shaped body.
You cover ground very quickly.
You have extremely tough skin. (AC +3)


Message History

There is a stone staircase leading up here.
The bat hits you.
* * * LOW HITPOINT WARNING * * *
The bat hits you but does no damage. The bat hits you but does no damage.
The bat hits you but does no damage. The bat hits you but does no damage. x2
Your plate armour prevents you from hitting the bat.
Your kick misses the bat. The bat hits you but does no damage.
You hit the bat.
You kill the bat!
Lugonu accepts your kill.
Found a large iron ring.
You see here a large iron ring.
f - a large iron ring
f - a ring of flight (left hand)
The frilled lizard bites you.
* * * LOW HITPOINT WARNING * * *
You miss the frilled lizard. The frilled lizard bites you.
You die...

##
#####....
#.....#
#.# #.#
#@# #l#
#K# #.#
#.# #.#
#.# #.#
#.#


You could see a kobold and a frilled lizard.

Vanquished Creatures
  A dart slug (D:1)
  A bat (D:2)
2 creatures vanquished.

Vanquished Creatures (others)
  2 starspawn tentacles (Abyss:1)
2 creatures vanquished.

Grand Total: 4 creatures vanquished

Notes
Turn   | Place    | Note
-------+----------+-------------------------------------------
     0 | Abyss:1  | Gargoyl the Centaur Abyssal Knight began the quest for the
                  | Orb.
     0 | Abyss:1  | Reached XP level 1. HP: 19/19 MP: 2/2
    89 | Abyss:1  | Noticed a sixfirhy
    99 | Abyss:1  | Noticed an apocalypse crab
    99 | Abyss:1  | Noticed an ettin skeleton
   170 | Abyss:1  | Noticed a starcursed mass
   185 | Abyss:1  | Noticed a small abomination
   186 | Abyss:1  | Noticed a tentacled starspawn
   236 | Abyss:2  | Noticed a neqoxec
   264 | Abyss:3  | Noticed a chaos spawn
   288 | Abyss:4  | Noticed a blink frog
   288 | Abyss:4  | Noticed a blink frog
   288 | Abyss:4  | Noticed a merfolk avatar
   288 | Abyss:4  | Noticed a blink frog
   288 | Abyss:4  | Noticed a blink frog
   309 | D:1      | Escaped the Abyss
   373 | D:2      | Slain by a frilled lizard

Levels and vault maps discovered:
D:1:      dpeg_arrival_stonehenge_8_columns, layout_basic, minmay_hexomino_f4
D:2:      layout_loops_ring, lemuel_doored_altar,
          eat_drink_and_be_merry_uskayaw, hangedman_decor_growths

Action                   || total
-------------------------++-------
Melee: Hand axe          ||     9
       Kick              ||     1
Invok: Depart the Abyss  ||     1
  Use: Scroll            ||     2
Armor: Plate armour      ||    57
Dodge: Dodged            ||     1

Table legend:
 A = Non-vault XP
 B = Vault XP
 C = Vault XP percentage of total XP
 D = Non-vault monster count
 E = Vault monster count
 F = Vault count percentage of total count
                 A         B        C        D         E       F
            +---------+---------+-------+---------+---------+-------
      Total |       5 |       0 |   0.0 |       2 |       0 |   0.0
            +---------+---------+-------+---------+---------+-------
        D:1 |       4 |       0 |   0.0 |       1 |       0 |   0.0
        D:2 |       1 |       0 |   0.0 |       1 |       0 |   0.0
            +---------+---------+-------+---------+---------+-------
